 Dungeon Crawl Stone Soup version 0.30-a0-371-gad7725a93e (webtiles) character file.

Game seed: 9521878338597866644

26 innerfire433 the Trooper (level 2, 0/24 HPs)
             Began as a Demonspawn Monk on Nov 21, 2022.
             Succumbed to an adder's poison
             ... on level 2 of the Dungeon.
             The game lasted 00:02:18 (942 turns).

innerfire433 the Trooper (Demonspawn Monk)           Turns: 942, Time: 00:02:19

Health: 0/24       AC:  2    Str: 11    XL:     2   Next: 89%
Magic:  2/2        EV: 13    Int: 11    God:
Gold:   81         SH:  0    Dex: 15    Spells: 1/1 levels left

rFire   . . .      SeeInvis .    a - +0 mace
rCold   . . .      Faith    .    (no shield)
rNeg    . . .      Spirit   .    b - +0 robe
rPois   .          Reflect  .    (helmet restricted)
rElec   .          Harm     .    (no cloak)
rCorr   .          Rampage  .    (no gloves)
Will    .....                    (no boots)
Stlth   ++........               (no amulet)
HPRegen 0.24/turn                (no ring)
MPRegen 0.08/turn                (no ring)

@: lethally poisoned (0 -> -2)
A: antennae 1
a: no special abilities


You were on level 2 of the Dungeon.
You visited 1 branch of the dungeon, and saw 2 of its levels.

You collected 81 gold pieces.

Inventory:

Hand Weapons
 a - a +0 mace (weapon)
Armour
 b - a +0 robe (worn)
Scrolls
 e - a scroll of identify
 g - 2 scrolls of summoning {unknown}
 h - a scroll of torment
Potions
 d - a potion of heal wounds
 f - a potion of lignification {unknown}


   Skills:
 + Level 3.3 Fighting
 + Level 3.0 Maces & Flails
 + Level 3.0 Dodging
 - Level 2.0 Stealth


You had one spell level left.
You didn't know any spells.
Your spell library contained the following spells:

 Spells                   Type           Power      Damage    Failure   Level
 Magic Dart               Conj           0%         1d3       34%         1
 Searing Ray              Conj           0%         2d4       47%         2
 Fulminant Prism          Conj/Hex       0%         3d5       98%         4


Dungeon Overview and Level Annotations

Branches:
Dungeon (2/15)

Altars:
Xom


Innate Abilities, Weirdness & Mutations

You have a pair of small antennae on your head.


Message History

You hit the jackal.
The jackal is severely wounded.
You feel less invigorated.
You feel less confused. The bat hits you but does no damage.
The adder closely misses you.
The jackal closely misses you. x2; The bat closely misses you.
The adder closely misses you.
You hit the jackal but do no damage.
The jackal is severely wounded.
The bat hits you. The jackal bites you. The jackal barely misses you.
The adder misses you. The jackal closely misses you. x2
You hit the jackal.
You kill the jackal!
The bat misses you. The adder barely misses you. The jackal barely misses you.
The adder barely misses you. The jackal misses you. The adder bites you.
The jackal bites you. The bat attacks as you move away!
The bat barely misses you. x2
The adder misses you. The adder closely misses you.
Unknown command.
You miss the adder. The bat barely misses you. The adder bites you.
You are poisoned.
The adder poisons you!
You miss the adder.
You feel very sick. The adder bites you. The jackal barely misses you.
The bat closely misses you. The adder bites you. The jackal bites you.
You hit the adder but do no damage.
You feel sick. The bat hits you. The adder barely misses you.
The jackal bites you.
* * * LOW HITPOINT WARNING * * *
The adder bites you.
* * * LOW HITPOINT WARNING * * *
You barely miss the adder.
* * * LOW HITPOINT WARNING * * *
You feel sick. The bat closely misses you. The jackal barely misses you.
The bat hits you but does no damage. The adder closely misses you.
The jackal bites you.
* * * LOW HITPOINT WARNING * * *
Unknown command.
You closely miss the adder.
You die...

#............#
##............#
#.......$.....#
##.#.=.........#
........########
........#
..?...†.#
......hS#
......b@#
........#
........#
........#
........#
........#
........#
........#


You could see an adder, a jackal and a bat.

Vanquished Creatures
  2 dart slugs (D:1)
  3 bats (D:1)
  An endoplasm (D:1)
  2 hobgoblins (D:1)
  4 jackals
  A quokka (D:1)
  A ball python (D:1)
  3 frilled lizards
  2 goblins (D:1)
  3 rats
22 creatures vanquished.

Notes
Turn   | Place    | Note
-------+----------+-------------------------------------------
     0 | D:1      | innerfire433 the Demonspawn Monk began the quest for the
                  | Orb.
     0 | D:1      | Reached XP level 1. HP: 18/18 MP: 1/1
   212 | D:1      | Gained mutation: You have a pair of small antennae on your
                  | head. [demonic ancestry]
   212 | D:1      | Reached XP level 2. HP: 20/24 MP: 2/2
   664 | D:1      | Found a shimmering altar of Xom.
   883 | D:2      | Found a faded altar of an unknown god.
   941 | D:2      | HP: 1/24 [jackal (2)]
   942 | D:2      | Succumbed to an adder's poison

Illustrated notes

Levels and vault maps discovered:
D:1:      dpeg_arrival_lava_altar, layout_loops_ring
D:2:      layout_basic, dreamdust_ecumenical_altar_angels_and_demons

Skill      XL: |  1  2 |
---------------+-------+-----
Stealth        | 2 |  2.0
Maces & Flails | 3 |  3.0
Dodging        | 3 |  3.0
Fighting       | |  3.3

Action                   || total
-------------------------++-------
Melee: Mace              ||    72
  Use: Scroll            ||     3
       Potion            ||     2
 Stab: Sleeping          ||     6
Armor: Robe              ||    22
Dodge: Dodged            ||   116

Table legend: (Time is in decaauts)
 A = Elapsed time spent in this place.
 B = Non-inter-level travel time spent in this place.
 C = Inter-level travel time spent in this place.
 D = Time resting spent in this place.
 E = Time spent auto-exploring this place.
 F = Levels seen in this place.
 G = Mean time per level.
                   A        B        C        D        E       F      G
               +--------+--------+--------+--------+--------+-----+--------+
         Total |    960 |    897 |     63 |      0 |    668 |   2 |  480.0 |
       Dungeon |    960 |    897 |     63 |      0 |    668 |   2 |  480.0 |
               +--------+--------+--------+--------+--------+-----+--------+

Top non-repeatable levels by time:
     D:1: 782 daAuts
     D:2: 178 daAuts
